 Dungeon Crawl Stone Soup version 0.29.1-1-gd02db6906a (webtiles) character file.

Game seed: 3467931427381027341

205712 Ivernyr the Warrior (level 18, -5/167 HPs)
             Began as a Palentonga Berserker on Sept 17, 2022.
             Was a High Priest of Trog.
             Slain by a meliai
             ... wielding a +0 hand axe
              (7 damage)
             ... on level 2 of the Spider Nest on Oct 3, 2022.
             The game lasted 04:57:35 (34805 turns).

Ivernyr the Warrior (Palentonga Berserker)         Turns: 34805, Time: 04:57:36

Health: -5/167     AC: 29    Str: 30    XL:     18   Next: 42%
Magic:  18/18      EV: 11    Int:  7    God:    Trog [*****.]
Gold:   3084       SH: 12    Dex: 11    Spells: 17/17 levels left

rFire   + + .      SeeInvis +     - Unarmed
rCold   + + +      Faith    .   N - +0 kite shield {reflect}
rNeg    + + .      Spirit   .   W - +2 robe {rC+ rF+}
rPois   +          Reflect  +   e - +0 helmet of the Equator {rF+}
rElec   .          Harm     .   F - scarf {repulsion}
rCorr   .          Rampage  +   g - +2 pair of gloves
Will    ++++.                   r - +4 barding "Isheotua" {rC+ rN+ Will+ Int-3}
Stlth   +.........              o - amulet "Tostum" {Rampage rC+ Regen+}
HPRegen 1.17/turn               A - +6 ring of strength
MPRegen 0.16/turn               Q - ring of Ackeh {rPois rN+ Will++ Int+3 Dex-4}

@: about to teleport, studying Fighting, repel missiles, curled up
A: large, rugged brown scales 3, see invisible, deformed body, roll 1, armoured
tail, reflexive curl, dopey 1
a: Rolling Charge, Renounce Religion, Berserk, Trog's Hand, Brothers in Arms


You were on level 2 of the Spider Nest.
You worshipped Trog.
Trog was extremely pleased with you.
You visited 8 branches of the dungeon, and saw 30 of its levels.
You visited 1 bazaar.
You also visited: Ossuary, Bailey, Gauntlet, Ice Cave and Volcano.

You collected 4313 gold pieces.
You spent 1229 gold pieces at shops.

Inventory:

Armour
 e - the +0 helmet of the Equator (worn) {rF+}
   (You acquired it on level 8 of the Dungeon)

   rF:        It protects you from fire.
 g - a +2 pair of gloves (worn)
 i - a +2 robe of willpower
 l - a +2 barding of flying
 r - the +4 barding "Isheotua" (worn) {rC+ rN+ Will+ Int-3}
   (You acquired it on level 8 of the Dungeon)

   Int:       It affects your intelligence (-3).
   rC:        It protects you from cold.
   rN:        It protects you from negative energy.
   Will:      It increases your willpower.
 F - a scarf of repulsion (worn)
 N - a +0 kite shield of reflection (worn)
 W - a +2 robe of resistance (worn)
Jewellery
 a - a +4 ring of evasion
 f - a ring of ice
 k - a ring of resist corrosion
 o - the amulet "Tostum" (around neck) {Rampage rC+ Regen+}
   (You acquired it on level 8 of the Dungeon)

   [amulet of regeneration]

   rC:        It protects you from cold.
   Regen:     It increases your rate of health regeneration.
   Rampage:   It bestows one free step when moving towards enemies.
 p - a ring of ice
 u - a ring of protection from cold
 A - a +6 ring of strength (left hand)
 O - the ring "Ugisotum" {Fly rF+ AC+4 Int-2}
   (You took it off a deep elf death mage on level 3 of the Elven Halls)

   [ring of protection]

   AC:        It affects your AC (+4).
   Int:       It affects your intelligence (-2).
   rF:        It protects you from fire.
   Fly:       It grants you flight.
 Q - the ring of Ackeh (right hand) {rPois rN+ Will++ Int+3 Dex-4}
   (You found it in a Gauntlet)

   [ring of positive energy]

   Int:       It affects your intelligence (+3).
   Dex:       It affects your dexterity (-4).
   rPois:     It protects you from poison.
   rN:        It protects you from negative energy.
   Will:      It greatly increases your willpower.
Wands
 c - a wand of mindburst (16)
 V - a wand of digging (15)
Scrolls
 b - 2 scrolls of torment {unknown}
 d - 16 scrolls of identify
 h - 5 scrolls of immolation
 j - 3 scrolls of enchant armour {unknown}
 m - 4 scrolls of silence
 n - 10 scrolls of teleportation
 t - 2 scrolls of blinking
 x - 4 scrolls of noise {unknown}
 y - 9 scrolls of fog
 E - a scroll of brand weapon {unknown}
 J - 3 scrolls of vulnerability {unknown}
 R - 2 scrolls of summoning
 S - 7 scrolls of fear {unknown}
 U - 2 scrolls of magic mapping
 Y - 4 scrolls of enchant weapon {unknown}
Potions
 q - 17 potions of curing
 s - 4 potions of might {unknown}
 v - 9 potions of haste
 w - 4 potions of berserk rage {unknown}
 z - 3 potions of cancellation {unknown}
 B - 16 potions of mutation
 C - 9 potions of flight
 D - 5 potions of resistance
 H - 4 potions of attraction {unknown}
 I - a potion of heal wounds
 M - 4 potions of magic {unknown}
 T - 2 potions of invisibility


   Skills:
 + Level 18.3 Fighting
 + Level 13.3 Armour
 + Level 13.3 Dodging
 + Level 14.3 Shields
 + Level 15.9 Unarmed Combat


You had 17 spell levels left.
You didn't know any spells.
Your spell library was empty.

Dungeon Overview and Level Annotations

Branches:
Dungeon (15/15)            Temple (1/1) D:4            Lair (5/5) D:9
 Shoals (1/4) Lair:3       Spider (2/4) Lair:3        Slime (1/5) Lair:4
    Orc (2/2) D:11            Elf (3/3) Orc:2        Vaults (0/5) D:13
 Depths (0/4) D:15        Ossuary (visited)          Bailey (visited)
  IceCv (visited)         Volcano (visited)         Gauntlet (visited)

Altars:
Ashenzari
Fedhas
Gozag
Makhleb
Okawaru
Qazlal
Ru
Trog
Vehumet
Wu Jian
Yredelemnul
Jiyva

Shops:
D:4 [   Orc:1 *   Orc:2 =![=   Elf:2 *

Portals:
Trove: D:11 (give 7 scrolls of fog)

Annotations:
D:15 4 transporters
Elf:1 6 runed translucent doors


Innate Abilities, Weirdness & Mutations

You are completely covered in rugged brown scales. (AC +3, +7% HP)
You have supernaturally acute eyesight. (SInv)
Armour fits poorly on your strangely shaped body.
You can roll at nearby foes to attack.
You have a long armoured tail.
You curl defensively after being hit. (AC +7*)
You are dopey. (Int -2)


Message History

The meliai is almost dead.
The meliai hits you with a +0 hand axe. The meliai closely misses you.
You block the tarantella's attack.
The meliai calls down the wrath of its god upon you.
Something smites you!
* * * LOW HITPOINT WARNING * * *
You closely miss the meliai.
The meliai is almost dead.
The meliai hits you but does no damage. You block the meliai's attack.
Unknown command.
You barely miss the meliai.
The meliai is almost dead.
The meliai calls down the wrath of its god upon you.
Something smites you!
* * * LOW HITPOINT WARNING * * *
The tarantella touches you but does no damage.
The meliai closely misses you. You block the meliai's attack.
The culicivora bites you!
* * * LOW HITPOINT WARNING * * *
The culicivora draws strength from your injuries!
You hit the meliai but do no damage.
The meliai is almost dead.
You block the tarantella's attack. You block the meliai's attack. x2
The culicivora bites you.
* * * LOW HITPOINT WARNING * * *
The tarantella touches you but does no damage.
The meliai invokes the aid of its god against you.
Something smites you!
* * * LOW HITPOINT WARNING * * *
Blink to where?
Press: ? - help, Dir - move target
As you read the scroll of blinking, it crumbles to dust.
As you read the scroll of teleportation, it crumbles to dust.
You feel strangely unstable. The meliai attacks as you move away!
You block the meliai's attack. x2
The meliai mumbles some strange prayers to its god against you.
Something smites you!
* * * LOW HITPOINT WARNING * * *
The meliai hits you with a +0 hand axe!
You die...

#.#..##....##.###
##....#....##..#.###
#.....#.....#......#
#.....#..s.###....###
#...###s.###...###.## . #
#..###.H..##....##... . ##s
#..##.....###..##.... .# .. ..
#..##y........###.... ..#.#..#
#..#@..^##.....#...## #......###
##...#.## .......###. .#)##..#.##
##......# ^.#....# #.
#..##.....###.#....## .#######.#.
#...##...###....##.# #....
#.....#H.##......### ....^.#
.##..ss#.##...#...## #..# ....###
......yy.#..##...#.###...##.###..
..).....#).....######.....#.##...


You could see a jorogumo, a culicivora, a tarantella and a meliai.

Vanquished Creatures
  A deep elf blademaster (Elf:3)
  2 deep elf master archers (Elf:3)
  Kirke (Spider:1)
  Agnes (Spider:1)
  Donald (Elf:3)
  Aizul (Spider:1)
  5 deep elf sorcerers (Elf:3)
  6 deep elf elementalists
  An emperor scorpion (Spider:2)
  2 ghost moths (Spider:1)
  Louise (Spider:1)
  An ironbound preserver (D:13)
  2 reapers (IceCv)
  A broodmother (Spider:2)
  4 deep elf annihilators (Elf:3)
  An entropy weaver (Spider:1)
  Azrael (D:13)
  A minotaur (Gauntlet)
  Nessos (D:13)
  8 deep elf demonologists
  A spark wasp (Spider:1)
  6 deep elf death magi (Elf:3)
  Josephine (Lair:3)
  5 deep elf high priests
  3 boulder beetles
  2 vault guards (Bailey)
  3 ogre magi
  6 hydras
  A radroach (Spider:1)
  A jorogumo (Spider:2)
  A merfolk avatar (Lair:5)
  18 two-headed ogres
  2 tengu warriors (D:15)
  5 centaur warriors
  31 dancing weapons
  Urug (Lair:1)
  5 death yaks (Lair:4)
  18 deep elf knights
  5 skeletal warriors
  A sun moth (Spider:1)
  3 pharaoh ants
  An orb spider (Spider:1)
  5 steelbarb worms
  A bog body (IceCv)
  Lodul (D:11)
  2 deep trolls (Orc:1)
  An obsidian statue (IceCv)
  11 deep elf archers
  4 spriggan simulacra (IceCv)
  An orange crystal statue (Gauntlet)
  2 wizards (D:15)
  Pikel (D:8)
  4 harpies
  23 deep elf pyromancers
  A necromancer (D:15)
  25 deep elf zephyrmancers
  5 wolf spiders
  An orc knight (D:11)
  3 ugly things (D:15)
  3 orc sorcerers
  3 anaconda skeletons (Volcano)
  A shining eye (Gauntlet)
  4 manticores
  A faun (shapeshifter) (Elf:1)
  A merfolk siren (Shoals:1)
  9 cyclopes
  Maurice (D:9)
  18 elephants
  An ice statue (Gauntlet)
  A black mamba (Lair:2)
  A cane toad (shapeshifter) (Elf:1)
  A torpor snail (Spider:2)
  11 cane toads
  7 gargoyles
  Psyche (D:10)
  3 demonic crawlers
  8 rime drakes
  2 komodo dragons (shapeshifter) (Elf:1)
  2 anaconda simulacra (IceCv)
  2 yaktaurs (D:14)
  8 komodo dragons
  3 ice devils (IceCv)
  11 freezing wraiths
  10 trolls
  2 wind drakes
  A merfolk (Lair:3)
  8 polar bears
  8 meliai
  A harpy skeleton (Volcano)
  14 tarantellas
  A wind drake (shapeshifter) (D:15)
  2 hornets
  Prince Ribbit (Bailey)
  6 dream sheep
  14 slime creatures
  13 blink frogs
  A snapping turtle (Lair:5)
  Sigmund (D:2)
  9 culicivoras
  8 jumping spiders
  2 shadows
  3 water elementals
  3 air elementals
  3 flying skulls (Volcano)
  8 wraiths
  5 wyverns
  54 yaks
  10 humans (Bailey)
  5 basilisks
  7 fire elementals
  2 golden eyes (Gauntlet)
  31 redbacks
  2 steam dragons
  3 minotaur simulacra (IceCv)
  5 vampire mosquitoes
  A redback (shapeshifter) (Elf:1)
  A harpy simulacrum (IceCv)
  2 wargs
  An acid dragon (D:9)
  2 hydra simulacra (IceCv)
  14 water moccasins
  2 hell hounds (D:13)
  13 orc warriors
  2 meliai simulacra (D:15)
  2 black bears
  An alligator simulacrum (IceCv)
  33 ogres
  4 boggarts (Lair:3)
  18 centaurs
  6 wolves
  A phantom (D:5)
  The ghost of kwasso the Chiller, an amateur DsIE of Xom (D:3)
  An elf zombie (D:8)
  A lemure (D:8)
  5 kobold brigands
  22 bullfrogs
  3 scorpions
  An earth elemental (Elf:1)
  4 gnoll sergeants
  An elf skeleton (D:8)
  A scorpion (shapeshifter) (Elf:1)
  A deep troll simulacrum (IceCv)
  17 wights
  9 killer bees
  2 lindwurm simulacra (IceCv)
  7 howler monkeys
  2 troll skeletons (Volcano)
  3 spriggan skeletons (Volcano)
  5 centaur zombies (Ossuary)
  A human zombie (D:8)
  2 hounds
  A jelly (D:7)
  10 orc priests
  2 human skeletons (D:8)
  5 iguanas
  17 orc wizards
  A boggart skeleton (D:15)
  2 naga skeletons (Volcano)
  8 adders
  12 gnolls
  3 shadow imps (D:5)
  8 white imps
  2 ufetubi
  3 adder zombies (Ossuary)
  A dart slug (D:2)
  74 orcs
  8 endoplasms
  2 giant cockroaches (D:1)
  5 gnoll zombies (Ossuary)
  16 goblins
  7 hobgoblins
  7 jackals
  4 quokkas
  9 ball pythons
  5 bats
  4 frilled lizards
  A goblin zombie (Ossuary)
  2 hobgoblin zombies (Ossuary)
  9 kobolds
  4 orc zombies
  5 rats
  A bush (D:3)
1029 creatures vanquished.

Vanquished Creatures (collateral kills)
  A hydra (Lair:4)
  A two-headed ogre (Orc:1)
  A sea snake (Shoals:1)
  2 spriggan simulacra (IceCv)
  A merfolk siren (Shoals:1)
  A troll (Orc:1)
  A snapping turtle (Shoals:1)
8 creatures vanquished.

Vanquished Creatures (others)
  A water elemental (Elf:1)
  2 humans (Spider:1)
  2 gnolls
  2 orcs (Elf:1)
  7 fungi
  69 plants
83 creatures vanquished.

Grand Total: 1120 creatures vanquished

Notes
Turn   | Place    | Note
-------+----------+-------------------------------------------
     0 | D:1      | Ivernyr the Palentonga Berserker began the quest for the
                  | Orb.
     0 | D:1      | Reached XP level 1. HP: 19/19 MP: 1/1
   379 | D:1      | Reached XP level 2. HP: 21/25 MP: 2/2
  1269 | D:1      | Reached XP level 3. HP: 27/31 MP: 3/3
  1607 | D:2      | Reached ** piety under Trog
  1608 | D:2      | Reached skill level 1 in Shields
  1659 | D:2      | Noticed Sigmund
  1674 | D:2      | Killed Sigmund
  1675 | D:2      | Reached XP level 4. HP: 33/39 MP: 4/4
  1675 | D:2      | Reached XP level 5. HP: 37/44 MP: 5/5
  2092 | D:2      | Found a stormy altar of Qazlal.
  2222 | D:2      | Found a faded altar of an unknown god.
  2223 | D:2      | Reached skill level 4 in Fighting
  2287 | D:3      | Found a runed translucent gate.
  2725 | D:3      | Reached XP level 6. HP: 44/51 MP: 6/6
  2845 | D:3      | Noticed kwasso's ghost (amateur DsIE)
  2879 | D:3      | Found a runed translucent gate.
  3029 | D:3      | Found a runed translucent gate.
  3879 | D:3      | Killed kwasso's ghost
  4264 | D:4      | Found a staircase to the Ecumenical Temple.
  4388 | D:4      | Gained mutation: You curl defensively after being hit. (AC
                  | +7*) [Palentonga growth]
  4388 | D:4      | Reached XP level 7. HP: 58/58 MP: 7/7
  4651 | D:4      | Found Ebuinonoi's Antique Armour Emporium.
  5030 | D:5      | Entered Level 5 of the Dungeon
  5180 | D:5      | Found a sacrificial altar of Ru.
  5509 | D:5      | Reached skill level 5 in Fighting
  5509 | D:5      | Reached skill level 5 in Unarmed Combat
  5645 | D:5      | Reached XP level 8. HP: 66/66 MP: 8/8
  6488 | D:6      | Found a burning altar of Makhleb.
  6489 | D:6      | Found an opulent altar of Gozag.
  7075 | D:4      | Bought a fading hat for 198 gold pieces
  7075 | D:4      | Identified the +0 hat of Makhleb's Grace {*Slow rF++ rCorr
                  | SInv} (You bought it in a shop on level 4 of the Dungeon)
  7263 | D:7      | Found a radiant altar of Vehumet.
  7266 | D:7      | Found a broken altar of Ashenzari.
  7268 | D:7      | Reached skill level 6 in Fighting
  7520 | D:7      | Reached XP level 9. HP: 10/73 MP: 9/9
  8497 | D:7      | Reached skill level 5 in Shields
  8776 | D:8      | Identified 3 scrolls of acquirement
  8776 | D:8      | Acquired the +0 helmet of the Equator {rF+}
  8777 | D:8      | Acquired the +4 barding "Isheotua" {rC+ rN+ Will+ Int-3}
  8778 | D:8      | Acquired the amulet "Tostum" {Rampage rC+ Regen+}
  8790 | D:8      | Reached skill level 5 in Armour
  8790 | D:8      | Reached skill level 5 in Dodging
  8825 | D:8      | Reached skill level 7 in Fighting
  8861 | D:8      | Noticed a two-headed ogre
  9011 | D:8      | Found a sand-covered staircase.
  9019 | Ossuary  | Entered an ossuary
  9134 | Ossuary  | Reached *** piety under Trog
  9248 | Ossuary  | Reached XP level 10. HP: 84/84 MP: 10/10
  9420 | D:8      | Noticed a gargoyle
  9431 | D:8      | Killed a gargoyle
  9519 | D:8      | Reached **** piety under Trog
  9530 | D:8      | Noticed Pikel
  9540 | D:8      | Killed Pikel
  9597 | D:8      | Killed a two-headed ogre
  9765 | D:9      | Found a staircase to the Lair.
  9855 | D:9      | Reached skill level 8 in Fighting
 10169 | D:9      | Noticed Maurice
 10179 | D:9      | Killed Maurice
 10195 | D:9      | Reached XP level 11. HP: 81/93 MP: 11/11
 10427 | Lair:1   | Entered Level 1 of the Lair of Beasts
 10444 | Lair:1   | You fall into a shaft and drop 1 floor!
 10666 | Lair:1   | Reached skill level 9 in Fighting
 10711 | Lair:1   | Found a dark tunnel.
 10720 | Volcano  | Entered a volcano
 10791 | Volcano  | Reached ***** piety under Trog
 10859 | Volcano  | Noticed a skeletal warrior
 10871 | Volcano  | Killed a skeletal warrior
 10892 | Volcano  | Reached XP level 12. HP: 51/102 MP: 12/12
 11499 | Lair:1   | Noticed Urug
 11514 | Lair:1   | Killed Urug
 12157 | Lair:2   | Reached skill level 10 in Fighting
 12157 | Lair:2   | Reached skill level 10 in Unarmed Combat
 12745 | Lair:3   | Noticed Josephine
 12783 | Lair:3   | Killed Josephine
 13373 | Lair:3   | Found a hole to the Spider Nest.
 13639 | Lair:3   | Found a staircase to the Shoals.
 13781 | Lair:3   | Reached XP level 13. HP: 111/111 MP: 13/13
 14142 | Lair:3   | Received a gift from Trog
 14362 | Lair:4   | Found a gate leading to a gauntlet.
 14406 | Gauntlet | Entered a Gauntlet
 14406 | Gauntlet | Found a transporter.
 14406 | Gauntlet | Found a transporter.
 14406 | Gauntlet | Found a transporter.
 14410 | Gauntlet | Found a transporter.
 14410 | Gauntlet | Found a transporter.
 14410 | Gauntlet | Found a transporter.
 14420 | Gauntlet | Found a transporter.
 14421 | Gauntlet | Found a transporter.
 14424 | Gauntlet | Found a transporter.
 14426 | Gauntlet | Found a large runed translucent door.
 14427 | Gauntlet | Found a large runed translucent door.
 14428 | Gauntlet | Found a large runed translucent door.
 14428 | Gauntlet | Found a large runed translucent door.
 14428 | Gauntlet | Found a runed translucent door.
 14428 | Gauntlet | Found a runed translucent door.
 14429 | Gauntlet | Found a large runed translucent door.
 14429 | Gauntlet | Found a large runed translucent door.
 14429 | Gauntlet | Found a large runed translucent door.
 14429 | Gauntlet | Found a large runed translucent door.
 14430 | Gauntlet | Found a large runed translucent door.
 14431 | Gauntlet | Found a large runed translucent door.
 14432 | Gauntlet | Found a large runed translucent door.
 14432 | Gauntlet | Found a large runed translucent door.
 14433 | Gauntlet | Found a large runed translucent door.
 14433 | Gauntlet | Found a large runed translucent door.
 14434 | Gauntlet | Found a runed translucent gate.
 14434 | Gauntlet | Found a runed translucent gate.
 14434 | Gauntlet | Found a runed translucent gate.
 14436 | Gauntlet | Found a transporter.
 14446 | Gauntlet | Found a large runed translucent door.
 14447 | Gauntlet | Found a large runed translucent door.
 14540 | Gauntlet | Found a transporter.
 14550 | Gauntlet | Found a transporter.
 14660 | Gauntlet | Gained mutation: You are dopey. (Int -2) [a shining eye]
 14696 | Gauntlet | Identified the ring of Ackeh {rPois rN+ Will++ Int+3 Dex-4}
 14734 | Gauntlet | Reached skill level 11 in Fighting
 14828 | Gauntlet | Identified the +7 quarterstaff of Fedhas's Felicitations
                  | {vorpal, rC++ Int+4}
 14828 | Gauntlet | Noticed a minotaur
 14841 | Gauntlet | Killed a minotaur
 14967 | Lair:4   | Found a viscous altar of Jiyva.
 14968 | Lair:4   | Found a staircase to the Slime Pits.
 15213 | Slime:1  | Entered Level 1 of the Pits of Slime
 15213 | Slime:1  | Noticed an azure jelly
 15241 | Lair:5   | Entered Level 5 of the Lair of Beasts
 15446 | Lair:5   | Paralysed by a hornet for 1 turns
 15581 | Lair:5   | Reached skill level 10 in Shields
 15612 | Lair:5   | Paralysed by a hornet for 1 turns
 15617 | Lair:5   | Paralysed by a hornet for 1 turns
 16091 | Lair:5   | Identified the ring "Ceismin" {rN+ SInv}
 16121 | Lair:5   | Reached XP level 14. HP: 70/121 MP: 14/14
 16720 | Lair:5   | Received a gift from Trog
 16725 | Lair:5   | Reached skill level 12 in Fighting
 17125 | D:10     | Entered Level 10 of the Dungeon
 17159 | D:10     | Found a flagged portal.
 17179 | Bailey   | Entered a bailey
 17264 | Bailey   | Noticed Prince Ribbit
 17274 | Bailey   | Killed Prince Ribbit
 17373 | Bailey   | Reached skill level 10 in Armour
 17373 | Bailey   | Reached skill level 10 in Dodging
 17463 | D:10     | Found a blossoming altar of Fedhas.
 17532 | D:10     | Noticed Psyche
 17551 | D:10     | Killed Psyche
 18010 | D:11     | Noticed Lodul
 18168 | D:11     | Found a staircase to the Orcish Mines.
 18454 | D:11     | Killed Lodul
 18830 | Temple   | Entered the Ecumenical Temple
 19192 | D:11     | Found a portal to a secret trove of treasure.
 19684 | D:11     | Received a gift from Trog
 20890 | D:13     | Reached XP level 15. HP: 119/130 MP: 15/15
 20915 | D:13     | Found a gate to the Vaults.
 21019 | D:13     | Noticed Nessos
 21020 | D:13     | Noticed Azrael
 21047 | D:13     | Killed Nessos
 21054 | D:13     | Killed Azrael
 21487 | D:14     | Identified the +7 trident of Discomfort {drain, *Corrode
                  | rC+ Will+}
 21568 | D:14     | Acquired a manual of Fighting
 22030 | D:15     | Entered Level 15 of the Dungeon
 22094 | D:15     | Found an ornate altar of the Wu Jian Council.
 22131 | D:15     | Reached skill level 13 in Fighting
 22763 | D:15     | Found a transporter.
 22763 | D:15     | Found a transporter.
 22764 | D:15     | Found a transporter.
 23065 | D:15     | Found a transporter.
 23265 | D:15     | Found a staircase to the Depths.
 23396 | Orc:1    | Entered Level 1 of the Orcish Mines
 23396 | Orc:1    | Found Abau's General Store.
 23586 | Orc:1    | Received a gift from Trog
 23754 | Orc:2    | Entered Level 2 of the Orcish Mines
 24018 | Orc:1    | Reached skill level 14 in Fighting
 24361 | Orc:2    | Found Beokof's Antique Armour Shoppe.
 24375 | Orc:2    | Found Ettueria's Jewellery Shop.
 24442 | Orc:2    | Found Huwnenif's Distillery.
 24452 | Orc:2    | Found Pem Lirhum's Jewellery Shop.
 24658 | Orc:2    | Found a staircase to the Elven Halls.
 25063 | Elf:1    | Entered Level 1 of the Elven Halls
 25071 | Elf:1    | Reached XP level 16. HP: 102/143 MP: 16/16
 25207 | Elf:1    | Found a flickering gateway to a bazaar.
 25209 | Elf:1    | Paralysed by an air elemental for 1 turns
 25213 | Elf:1    | Paralysed by an air elemental for 1 turns
 25231 | Bazaar   | Entered a bazaar
 25267 | Bazaar   | Found Fautycih's Book Shop.
 25267 | Bazaar   | Found Cetat's Antique Armour Shop.
 25274 | Bazaar   | Bought a manual of Fighting for 800 gold pieces
 25286 | Bazaar   | Bought a crude leather armour for 231 gold pieces
 25286 | Bazaar   | Identified the +1 leather armour "Teutoamofi" {Int+4} (You
                  | bought it in a shop in a bazaar)
 25387 | Elf:1    | Received a gift from Trog
 25589 | Elf:1    | Paralysed by an air elemental for 1 turns
 25928 | Elf:1    | Paralysed by a floating eye for 4 turns
 26005 | Elf:1    | Reached skill level 15 in Fighting
 26303 | Elf:1    | Reached ****** piety under Trog
 26341 | Elf:1    | Found a runed translucent gate.
 26341 | Elf:1    | Found a runed translucent gate.
 26341 | Elf:1    | Found a runed translucent gate.
 26341 | Elf:1    | Found a runed translucent gate.
 26341 | Elf:1    | Found a runed translucent gate.
 26342 | Elf:1    | Noticed a storm dragon
 26343 | Elf:1    | Found a runed translucent gate.
 26343 | Elf:1    | Noticed a shadow dragon
 26543 | Elf:1    | HP: 4/145 [poisoned by a +1 halberd of venom]
 27278 | Elf:2    | Found a runed translucent gate.
 27279 | Elf:2    | Found a runed translucent gate.
 27279 | Elf:2    | Found a runed translucent gate.
 27536 | Elf:2    | Found Waunaidd's Assorted Antiques.
 27929 | Elf:2    | Received a gift from Trog
 27930 | Elf:2    | Reached skill level 16 in Fighting
 27976 | Elf:2    | Reached XP level 17. HP: 90/154 MP: 17/17
 28462 | Elf:3    | Entered Level 3 of the Elven Halls
 28465 | Elf:3    | Noticed Donald
 28472 | Elf:3    | Killed Donald
 28754 | Elf:3    | Paralysed by an air elemental for 1 turns
 29168 | Elf:3    | Noticed a deep elf master archer
 29236 | Elf:3    | Killed a deep elf master archer
 29386 | Elf:3    | Reached skill level 15 in Unarmed Combat
 29387 | Elf:3    | Noticed a Tzitzimitl
 29394 | Elf:3    | Received a gift from Trog
 29832 | Elf:3    | Identified the +6 bardiche "Gucowkov" {vorpal, rC+ Int+6}
 30093 | Elf:3    | Reached skill level 17 in Fighting
 30093 | Elf:3    | Noticed a deep elf master archer
 30110 | Elf:3    | Identified the +9 quarterstaff "Rodot" {holy, Int+4 Dex+2
                  | SInv}
 30110 | Elf:3    | Identified the ring of Coronation {Int+6 Slay+2}
 30111 | Elf:3    | Noticed a deep elf blademaster
 30130 | Elf:3    | Noticed a Tzitzimitl
 30248 | Elf:3    | Killed a deep elf blademaster
 30704 | Elf:3    | Identified the ring "Ugisotum" {Fly rF+ AC+4 Int-2}
 30737 | Elf:3    | Killed a deep elf master archer
 30831 | Elf:3    | Identified the +4 ring mail "Buotiepi" {Rampage}
 30845 | Elf:3    | Identified the amulet of Seqenn {Reflect MP+9 SH+5}
 30902 | Elf:3    | Identified the +0 dagger of Doom {freeze, rElec Dex+6}
 31281 | Shoals:1 | Entered Level 1 of the Shoals
 31294 | Shoals:1 | Received a gift from Trog
 31541 | Spider:1 | Entered Level 1 of the Spider Nest
 31819 | Spider:1 | Noticed Aizul
 31836 | Spider:1 | Killed Aizul
 32008 | Spider:1 | Noticed Louise
 32051 | Spider:1 | Killed Louise
 32191 | Spider:1 | Noticed Agnes
 32205 | Spider:1 | Killed Agnes
 32252 | Spider:1 | Reached XP level 18. HP: 165/165 MP: 18/18
 32771 | Spider:1 | Noticed Kirke
 32780 | Spider:1 | Killed Kirke
 33266 | Spider:2 | Found a frozen archway.
 33309 | IceCv    | Entered an ice cave
 33531 | IceCv    | Received a gift from Trog
 33662 | IceCv    | Reached skill level 18 in Fighting
 33759 | IceCv    | HP: 12/250 [spriggan defender simulacrum (11)]
 34800 | Spider:2 | HP: 8/167 [meliai/divine providence (14)]
 34804 | Spider:2 | HP: 1/167 [meliai/divine providence (12)]
 34805 | Spider:2 | Slain by a meliai

Illustrated notes

Levels and vault maps discovered:
D:1:      saegor_arrival_simple_c, layout_basic, st_stairs_2
D:2:      layout_basic, basic_altar, basic_ecumenical_altar, uniq_sigmund
D:3:      layout_basic, serial_forest, infiniplex_forest_straight_2,
          infiniplex_forest_end_3, infiniplex_forest_3_way,
          infiniplex_forest_clump_double, infiniplex_forest_end_double,
          infiniplex_forest_split, infiniplex_forest_clump_small,
          infiniplex_forest_clump_double, infiniplex_forest_clump_curved,
          gammafunk_ghost_split
D:4:      layout_rooms, lemuel_temple_firewalk_a, serial_shops, shop
D:5:      layout_cave_pools, mainiacjoe_overflow_catwalk, serial_demonic,
          serial_demonic_a, serial_demonic_d, serial_demonic_g, serial_demonic_e
D:6:      layout_basic, gammafunk_temple_overflow_statue,
          corexii_item_surrounded_by_moat
D:7:      layout_cave_pods, mainiacjoe_overflow_divided_tiny
D:8:      layout_rooms, nicolae_ossuary_entry_catacombs, uniq_pikel
D:9:      layout_roguey, david_lair_shrubbed, uniq_maurice
D:10:     layout_cave_pools, fedhas_altar_3, enter_bailey_5, uniq_psyche
D:11:     layout_basic, kennysheep_orc_monster_closet_entryway, enter_trove_3,
          uniq_lodul
D:12:     layout_basic
D:13:     layout_roguey, skrybe_vaults_entry_preservation, uniq_azrael,
          uniq_nessos
D:14:     minmay_cut_squares, layout_loops_ring, serial_bayou_pond_c,
          nicolae_titane
D:15:     grunt_enter_depths_magical_seal, layout_stronghold,
          nzn_wu_jian_contemplation, nicolae_diode_quadrants
Temple:   eino_temple_rhombus
Lair:1:   layout_big_grid, lightli_volcano_entry_magma_tube,
          chequers_serial_rivers_micro_e, uniq_urug
Lair:2:   layout_cellular_growth, serial_bayou_shore_b, lemuel_fruit_tree,
          grunt_megastairs_1, serial_bayou_shore_a
Lair:3:   layout_cave_pods, elwin_shoals_entry_rooms,
          nicolae_spider_entry_tight_spaces, kilobyte_rumbling_trees,
          grunt_megastairs_4, uniq_josephine
Lair:4:   layout_cave_shapes, slime_entry_1, gauntlet_entry_generic,
          ldierk_geyser
Lair:5:   gammafunk_lair_ancient_temple, layout_hall_layers,
          infiniplex_staircase_pool_2
Shoals:1: layout_shoals
Spider:1: layout_spider_delve, uniq_kirke, uniq_louise, uniq_aizul, uniq_agnes
Spider:2: layout_spider_delve, portal_ice_cave_entry_pillars_1,
          nicolae_spider_twisty_arc_passages, uniq_arachne
Slime:1:  layout_caves, cheibrodos_slime_lost_civilization_5
Orc:1:    layout_caves, serial_shops, nicolae_shop_trees
Orc:2:    st_orc_open, layout_caves
Elf:1:    layout_loops_corners, serial_shops, bzr_entry_customers, orc_legates,
          grunt_ministairs_13, nicolae_elf_shapeshifter_party
Elf:2:    nicolae_elf_blades_crystal_corner, layout_geoelf_grid, serial_shops,
          nicolae_shop_overgrown_old_shop
Elf:3:    minmay_elf_hall_x, layout_loops_corners, grunt_megastairs_3,
          uniq_donald

Skill      XL: |  1  2  3  4  5  6  7  8  9 10 11 12 13 14 15 16 17 18 |
---------------+-------------------------------------------------------+-----
Dodging        | 2 3 4 5 6 7 8 9 10 11 12 13 | 13.3
Armour         | 2 3 4 5 6 7 8 9 10 11 12 13 | 13.3
Shields        | 1 2 3 4 5 6 8 9 10 11 12 13 14 | 14.3
Unarmed Combat | 4 5 6 7 8 9 10 11 12 13 14 15 | 15.9
Fighting       | 4 5 6 7 8 9 10 11 12 14 16 17 18 | 18.3

Action                   |  1- 3 |  4- 6 |  7- 9 | 10-12 | 13-15 | 16-18 || total
-------------------------+-------+-------+-------+-------+-------+-------++-------
Melee: Unarmed           |   145 |   238 |   406 |   730 |  1695 |  1430 ||  4644
       Tailslap          |    10 |    60 |    65 |   124 |   391 |   251 ||   901
Invok: Berserk           |     3 |     7 |    11 |    13 |    15 |    15 ||    64
       Trog's Hand       |     1 |     1 |     3 |       |       |     1 ||     6
       Brothers in Arms  |       |       |       |       |     3 |     2 ||     5
 Abil: Rolling Charge    |     3 |    24 |    58 |    86 |    64 |   159 ||   394
Evoke: Wand              |       |       |       |     2 |       |       ||     2
  Use: Scroll            |       |       |     9 |     8 |    10 |    10 ||    37
       Potion            |       |       |     3 |     2 |     3 |     7 ||    15
Armor: Animal skin       |    57 |    42 |   164 |    19 |       |       ||   282
       Robe              |       |       |       |   133 |   643 |   591 ||  1367
       Skin              |       |       |       |    15 |       |       ||    15
       Leather armour    |       |       |       |   143 |    80 |       ||   223
Dodge: Dodged            |    76 |    60 |   169 |   341 |  1049 |   641 ||  2336
       Repelled          |       |       |       |     2 |    10 |    21 ||    33
Block: Buckler           |    20 |    14 |    78 |   101 |       |       ||   213
       Kite shield       |       |       |       |   149 |   981 |   832 ||  1962
       Reflection        |       |       |       |       |       |     3 ||     3
